Map: Pillars of Gold LE

Players

Nice

  • Race: Protoss Protoss
  • Spawn Location: 7:00

ExpecT - Winner!

  • Race: Terran Terran
  • Spawn Location: 1:00

Event: DreamHack SC2 Masters 2020 Fall

VOD

Have the link to the VOD?

Description

Time

  • Played on: Aug. 27, 2020, 7:51 a.m.
  • Length: 10:38

All games in this series

Show
View Real Time Build Order
Export as new Build Order

Nice Protoss 

Build Orders: 1 Gate Expand, Blink Stalkers 

Get SALT Encoding   

  12  0:00  Probe  
  13  0:12  Probe  
  14  0:19  Pylon  
  14  0:24  Probe  
  15  0:37  Probe (Chrono Boost)  
  15  0:39  Gateway  
  16  0:49  Assimilator, Probe (Chrono Boost)  
  17  0:53  Probe (Chrono Boost)  
  18  1:04  Probe  
  19  1:16  Probe  
  20  1:27  Cybernetics Core  
  20  1:37  Nexus  
  20  1:45  Pylon  
  20  1:50  Assimilator  
  20  1:52  Probe  
  21  2:00  Adept (Chrono Boost)  
  21  2:08  Shield Battery  
  23  2:12  Probe  
  23  2:14  Warp Gate  
  24  2:20  Adept (Chrono Boost)  
  24  2:25  Probe  
  26  2:37  Probe  
  26  2:41  Robotics Facility  
  27  2:50  Stalker  
  29  2:54  Probe  
  31  3:06  Probe (Chrono Boost)  
  31  3:10  Twilight Council  
  31  3:12  Probe (Chrono Boost)  
  32  3:18  Probe (Chrono Boost)  
  33  3:24  Probe (Chrono Boost)  
  35  3:27  Probe (Chrono Boost)  
  35  3:30  Observer, Probe (Chrono Boost)  
  35  3:32  Probe  
  38  3:44  Probe  
  38  3:45  Probe  
  38  3:48  Blink (Chrono Boost)  
  40  3:56  Probe  
  40  3:59  Gateway  
  41  4:03  Probe  
  41  4:05  Observer, Gateway  
  41  4:08  Probe  
  44  4:11  Stalker  
  44  4:14  Pylon  
  46  4:26  Pylon  
  46  4:28  Probe  
  46  4:32  Probe  
  46  4:34  Stalker  
  49  4:40  Probe  
  49  4:43  Assimilator  
  49  4:44  Probe  
  51  4:52  Pylon, Probe  
  52  4:56  Probe  
  52  4:59  Stalker x3  
  58  5:05  Probe  
  59  5:09  Probe  
  60  5:15  Nexus  
  60  5:24  Pylon  
  60  5:28  Stalker x3  
  62  5:31  Charge (Chrono Boost)  
  66  5:43  Gateway  
  66  5:48  Gateway  
  66  5:50  Gateway  
  66  5:51  Gateway  
  66  5:58  Stalker  
  66  6:00  Stalker  
  70  6:10  Pylon  
  66  6:11  Pylon  
  66  6:12  Immortal (Chrono Boost)  
  66  6:14  Pylon  
  69  6:29  Stalker x2  
  65  6:46  Observer  
  59  6:49  Immortal (Chrono Boost)  
  63  6:54  Assimilator  
  63  7:02  Stalker x3  
  63  7:07  Pylon  
  69  7:20  Zealot x2  
  73  7:23  Immortal (Chrono Boost)  
  73  7:26  Zealot x2  
  81  7:30  Sentry  
  81  7:32  Probe x2  
  85  7:37  Zealot, Sentry  
  89  7:46  Pylon  
  89  7:48  Pylon  
  89  7:56  Pylon  
  81  8:07  Zealot x5  
  81  8:10  Zealot  
  93  8:19  Cybernetics Core  
  93  8:21  Zealot  
  85  8:29  Zealot x2  
  77  8:35  Zealot x2  
  63  8:50  Warp Prism (Chrono Boost)  
  65  8:56  Templar Archives  
  65  8:59  Zealot x3  
  71  9:08  Zealot  
  71  9:09  Zealot x2  
  71  9:16  Gateway  
  71  9:21  Gateway  
  71  9:32  High Templar x3  
  71  9:33  High Templar x3  
  71  9:36  Archon  
  71  9:37  Archon x2  
  77  10:00  Zealot  
  77  10:05  Zealot x5  
  77  10:10  Zealot  
  59  10:20  Zealot x2  
  63  10:22  Zealot  
Show
View Real Time Build Order
Export as new Build Order

ExpecT Terran - Winner!

Build Orders: Reaper Expand 

Get SALT Encoding   

  12  0:00  SCV  
  13  0:12  SCV  
  14  0:17  Supply Depot  
  14  0:24  SCV  
  15  0:39  SCV  
  15  0:40  Barracks  
  16  0:49  Refinery  
  16  0:51  SCV  
  17  1:03  SCV  
  18  1:15  SCV  
  19  1:27  Orbital Command  
  19  1:32  Reaper  
  20  1:44  Command Center  
  20  1:53  SCV  
  21  2:05  SCV  
  23  2:11  Factory  
  23  2:15  Supply Depot  
  22  2:19  Barracks  
  22  2:21  SCV  
  23  2:26  Barracks Reactor  
  23  2:36  SCV  
  24  2:41  Refinery  
  24  2:49  SCV  
  23  3:04  Marine x2  
  23  3:05  Orbital Command, Factory Tech Lab  
  24  3:06  SCV  
  24  3:09  Barracks Tech Lab  
  24  3:12  Orbital Command  
  25  3:18  SCV  
  26  3:23  Marine x2  
  26  3:24  Siege Tank  
  31  3:28  Marine  
  31  3:31  SCV  
  33  3:38  SCV  
  33  3:40  Stimpack  
  34  3:42  Supply Depot, Marine x2  
  34  3:48  Marine  
  37  4:00  SCV x2  
  39  4:06  Marine x3  
  42  4:10  Starport  
  42  4:12  SCV  
  42  4:13  SCV  
  44  4:21  Siege Tank  
  44  4:24  Supply Depot  
  47  4:26  Marine x3  
  47  4:31  SCV x2  
  52  4:37  Supply Depot  
  52  4:41  Engineering Bay  
  52  4:45  Medivac  
  52  4:49  SCV x2  
  56  4:57  Marine  
  56  4:58  Marine x2  
  59  5:03  Siege Tank  
  59  5:05  Refinery  
  62  5:08  SCV x2  
  64  5:14  Missile Turret  
  64  5:22  Starport Reactor  
  64  5:23  Marine  
  64  5:24  Marine x2  
  67  5:29  Combat Shield  
  67  5:31  SCV x2  
  69  5:35  Supply Depot  
  69  5:40  Barracks  
  68  5:43  Marine x2  
  68  5:44  Marauder  
  68  5:46  SCV  
  68  5:49  SCV  
  74  5:58  Terran Infantry Weapons Level 1  
  74  6:00  Supply Depot  
  74  6:02  Marine  
  74  6:03  Marine  
  76  6:05  Marauder  
  76  6:07  Siege Tank  
  82  6:11  SCV x2  
  74  6:28  Marauder, Marine x2  
  77  6:33  Barracks Tech Lab  
  77  6:35  SCV x2  
  79  6:42  Siege Tank  
  79  6:44  Barracks  
  79  6:45  Barracks, Marine  
  79  6:46  Marine  
  81  6:49  Marauder  
  81  6:50  SCV  
  81  6:51  SCV  
  81  6:52  Refinery  
  85  6:55  Medivac  
  85  6:56  Medivac  
  87  7:08  Supply Depot x2  
  87  7:09  Concussive Shells  
  87  7:10  Marine  
  87  7:11  Marauder x2  
  87  7:12  Marine  
  93  7:16  SCV  
  94  7:29  Siege Tank, SCV, Supply Depot  
  98  7:32  Barracks Tech Lab, Marauder, Barracks Reactor  
  100  7:37  Marine x2  
  100  7:38  Marauder  
  103  7:53  Marauder  
  103  7:55  Marine  
  103  7:56  Marauder  
  108  7:59  Marauder  
  108  8:02  Siege Tank  
  109  8:09  Marine  
  110  8:15  Marauder  
  110  8:17  Marauder  
  110  8:19  Terran Infantry Armor Level 1  
  114  8:20  Marauder, Supply Depot  
  114  8:21  Supply Depot  
  114  8:26  Marine  
  114  8:27  Command Center  
  109  8:34  Siege Tank  
  97  8:36  Marauder  
  97  8:38  Marauder  
  87  8:44  Marine  
  87  8:45  Marauder  
  87  8:47  Marine  
  87  8:48  Marine  
  84  8:51  SCV  
  81  8:58  Marauder  
  81  9:00  Marauder  
  81  9:04  Marine x2  
  81  9:05  Marine  
  81  9:06  Marauder  
  82  9:10  Medivac, Siege Tank  
  82  9:11  Medivac  
  82  9:15  Marine  
  87  9:19  Marauder  
  87  9:21  Marine  
  87  9:23  Missile Turret, SCV  
  87  9:24  SCV  
  92  9:33  Marine  
  92  9:34  Marauder, Marine x3  
  98  9:39  Marauder  
  98  9:40  Orbital Command, Marauder  
  98  9:44  Siege Tank  
  104  9:47  SCV  
  104  9:49  SCV  
  104  9:51  Marine  
  100  10:02  Marauder x3, Marine x2  
  100  10:10  Marine x2  
  97  10:20  Marine  

Tags
 
Add a new tag
Caveats
  • Supply blocks, unpowered buildings, or Contaminate may cause inaccurate times.
  • Supply counts are checked every 10 seconds.